 Dungeon Crawl Stone Soup version 0.24.0-13-gcf9b3192b9 (webtiles) character file.

Game seed: 11971767555641858408, levelgen mode: deterministic

450 H0rd4k the Poker (level 7, -1/51 HPs)
             Began as a Human Artificer on Nov 5, 2019.
             Slain by an orc wizard
             ... wielding a +1 war axe of electrocution
              (18 damage)
             ... on level 4 of the Dungeon.
             The game lasted 00:03:59 (3160 turns).

H0rd4k the Poker (Human Artificer)                  Turns: 3160, Time: 00:04:00

Health: -1/51      AC:  8    Str: 14    XL:     7   Next: 25%
Magic:  9/9        EV: 12    Int: 11    God:
Gold:   191        SH:  0    Dex: 14    Spells: 6/6 levels left

rFire    . . .     SeeInvis .   i - +1 spear (venom)
rCold    . . .     Gourm    .   (no shield)
rNeg     . . .     Faith    .   h - +2 ring mail {rPois}
rPois    +         Spirit   .   (no helmet)
rElec    .         Reflect  .   (no cloak)
rCorr    .         Harm     .   l - +0 pair of gloves
MR       .....                  (no boots)
Stlth    +.........             (no amulet)
HPRegen  0.17/turn              (no ring)
MPRegen  0.11/turn              (no ring)

@: no status effects
A: no striking features
a: no special abilities


You were on level 4 of the Dungeon.
You were near starving.

You visited 1 branch of the dungeon, and saw 5 of its levels.

You collected 191 gold pieces.

Inventory:

Hand Weapons
 a - a +0 short sword
 i - a +1 spear of venom (weapon)
 w - a +2 short sword of freezing
 x - a +2 short sword of protection
Missiles
 s - 2 curare-tipped darts (quivered)
 E - 6 javelins
Armour
 b - a +0 leather armour
 h - a +2 ring mail of poison resistance (worn)
 l - a +0 pair of gloves (worn)
 t - a +1 robe of fire resistance
Jewellery
 k - a +2 amulet of reflection {unknown}
 q - an uncursed amulet of faith {unknown}
 u - a cursed ring of attention {unknown}
 B - an uncursed ring of flight {unknown}
 D - a +3 ring of protection {unknown}
Wands
 c - a wand of flame (15)
 d - a wand of enslavement (15)
 e - a wand of random effects (15)
Scrolls
 j - 2 scrolls of enchant weapon {unknown}
 o - a scroll of teleportation {unknown}
 p - a scroll of blinking {unknown}
 r - 4 scrolls of immolation {unknown}
 v - 2 scrolls of identify {unknown}
 y - a scroll of remove curse {unknown}
 A - 2 scrolls of fear {unknown}
Potions
 g - 2 potions of mutation {unknown}
 m - a potion of invisibility {unknown}
 n - 3 potions of curing {unknown}
 z - 2 potions of magic {unknown}
Comestibles
 f - 11 rations


   Skills:
 + Level 2.6 Fighting
 + Level 1.2 Short Blades
 + Level 4.6 Polearms
 + Level 2.0 Armour
 + Level 3.1 Dodging
 + Level 1.1 Stealth
 + Level 3.8 Evocations


You had 6 spell levels left.
You didn't know any spells.
Your spell library was empty.

Dungeon Overview and Level Annotations

Branches:
Dungeon (5/15)
 Temple: D:4-7

Altars:
Cheibriados
Qazlal
Ru
Sif Muna

Annotations:
D:3 2 transporters


Message History

The orc hits you with a +0 hand axe.
The orc wizard gestures wildly while chanting.
The orc wizard flickers and vanishes!
Deactivating autopickup; reactivate with Ctrl-A.
The orc throws a throwing net.
The throwing net barely misses you. The orc closely misses you.
You see here a throwing net.
You are near starving!
You hear some strange, mumbled words.
Something tries to affect you, but you resist.
You hit something. Something hits you.
You closely miss something.
You hear some strange, mumbled words.
A puff of flame appears from out of thin air!
The puff of flame misses you.
You miss something. Something hits you but does no damage.
You hit something. You miss something. Something hits you but does no damage.
You miss something. Something hits you.
You are electrocuted!!
You die...

############ #.# #.._..##
#..........# #.# #.#.#...
#..........# #####.# #...##..
#..........# #.....# #..###..
#..........# #.....# #..# #..
#..........# #.....# #..# #..
#...[...<..# #.....# #..# #..
#..........######o....###..# #..
#..............@.o......#..#....
##########.#######(.........#....
#...# #.# #............... #...#
#.# ###.#..#.#.#.... #...# #.#
#.##.#.# #... #...######.#
#.##.#.# #.. ...........#
#.##...# #...########
#######.##..## # . #...#
............##.# #.


You could see 2 orcs.

Vanquished Creatures
  An ogre (D:4)
  2 bullfrog skeletons (D:4)
  Jessica (D:2)
  An iguana (D:3)
  A worker ant (D:4)
  An orc wizard (D:4)
  A hound skeleton (D:5)
  A howler monkey skeleton (D:5)
  7 adders
  2 oozes
  2 worms (D:2)
  6 dart slugs
  4 leopard geckos
  6 orcs
  5 bats
  6 giant cockroaches
  6 goblins
  12 hobgoblins
  9 jackals
  6 kobolds
  A quokka (D:3)
  3 frilled lizards
  9 rats
93 creatures vanquished.

Notes
Turn   | Place    | Note
-------+----------+-------------------------------------------
     0 | D:1      | H0rd4k the Human Artificer began the quest for the Orb.
     0 | D:1      | Reached XP level 1. HP: 15/15 MP: 3/3
    67 | D:1      | Reached XP level 2. HP: 8/21 MP: 4/4
   498 | D:1      | Reached XP level 3. HP: 26/26 MP: 5/5
  1018 | D:2      | Reached skill level 1 in Polearms
  1018 | D:2      | Reached XP level 4. HP: 28/32 MP: 6/6
  1123 | D:2      | Found a sacrificial altar of Ru.
  1294 | D:2      | Reached skill level 1 in Armour
  1602 | D:2      | Noticed Jessica
  1605 | D:2      | Killed Jessica
  1605 | D:2      | Reached skill level 2 in Polearms
  1605 | D:2      | Reached XP level 5. HP: 37/37 MP: 7/7
  1829 | D:3      | Found a snail-covered altar of Cheibriados.
  1952 | D:3      | Reached skill level 3 in Polearms
  2035 | D:3      | Found a shimmering blue altar of Sif Muna.
  2053 | D:3      | Found a transporter.
  2166 | D:3      | Found a transporter.
  2266 | D:3      | Found a glowing drain.
  2307 | D:3      | Reached XP level 6. HP: 44/44 MP: 8/8
  2647 | D:4      | Noticed an ogre
  2656 | D:4      | Killed an ogre
  2872 | D:4      | Found a stormy altar of Qazlal.
  2924 | D:4      | Reached skill level 4 in Polearms
  2924 | D:4      | Reached XP level 7. HP: 49/51 MP: 9/9
  3026 | D:5      | Entered Level 5 of the Dungeon
  3026 | D:5      | Found Bath's Weapon Boutique.
  3160 | D:4      | Slain by an orc wizard

Levels and vault maps discovered:
D:1:      minmay_arrival_shattered_statue, layout_basic, minmay_misc_feat_doors
D:2:      minmay_recursive_quarters, layout_loops_ring, nicolae_ru_awakened_eye,
          minmay_misc_feat_x, serial_bayou_lagoon_a, uniq_jessica
D:3:      gammafunk_steamed_eel, layout_loops_corners, led_sif_pool,
          kennysheep_slug_shrine, gup_sewer_entry_glass
D:4:      layout_basic, nicolae_dithmenos_through_a_glass_darkly,
          lemuel_crystal_altar
D:5:      layout_loops_corners, serial_shops, shop, first_ration,
          minmay_ruined_shrine

Skill      XL: |  1  2  3  4  5  6  7 |
---------------+----------------------+-----
Polearms       | 1 2 3 4 |  4.6
Armour         | 1 2 |  2.0
Fighting       | 2 |  2.6
Dodging        | 3 |  3.1
Short Blades   | |  1.2
Stealth        | |  1.1
Evocations     | |  3.8

Action                   |  1- 3 |  4- 6 |  7- 9 || total
-------------------------+-------+-------+-------++-------
Melee: Short sword       |    36 |       |       ||    36
       Spear             |    76 |   173 |    52 ||   301
  Eat: Chunk             |       |     6 |       ||     6
Armor: Leather armour    |     4 |       |       ||     4
       Ring mail         |    18 |    52 |    18 ||    88
Dodge: Dodged            |    52 |    77 |    19 ||   148
